 Dungeon Crawl Stone Soup version 0.30.1-11-g7821555f0a (webtiles) character file.

Game seed: 9768186198331800471

280 lonewolfV2 the Covered (level 6, -2/47 HPs)
             Began as a Demonspawn Fighter on Oct 30, 2023.
             Killed by divine providence
             ... invoked by an orc priest
              (10 damage)
             ... on level 4 of the Dungeon.
             The game lasted 00:03:55 (2895 turns).

lonewolfV2 the Covered (Demonspawn Fighter)         Turns: 2895, Time: 00:03:55

Health: -2/47      AC:  9    Str: 16    XL:     6   Next: 5%
Magic:  0/6        EV:  5    Int:  9    God:
Gold:   857        SH: 16    Dex: 15    Spells: 5/5 levels left

rFire   + . .        b - +3 rapier of Bupoom {heavy, rF+}
rCold   . . .        g - +3 tower shield
rNeg    . . .        l - +0 chain mail
rPois   .            (no helmet)
rElec   .            (no cloak)
rCorr   .            (no gloves)
SInv    .            (no boots)
Will    .....        e - amulet of guardian spirit Stlth
                     (no ring)
HPRegen 0.27/turn    (no ring)
MPRegen 0.10/turn

%: guardian spirit
@: no status effects
A: demonic magic 1, weakness stinger 2
a: no special abilities


You were on level 4 of the Dungeon.
You visited 1 branch of the dungeon, and saw 6 of its levels.

You collected 857 gold pieces.

Inventory:

Hand Weapons
 a - a +0 war axe
 b - the +3 rapier of Bupoom (weapon) {heavy, rF+}
   (You found it on level 4 of the Dungeon)

   rF:        It protects you from fire.
Armour
 g - a +3 tower shield (worn)
 l - a +0 chain mail (worn)
Jewellery
 e - an amulet of guardian spirit (around neck)
Wands
 c - a wand of mindburst (12)
Scrolls
 j - 2 scrolls of fear
 k - 2 scrolls of enchant armour
Potions
 d - 2 potions of might
 h - a potion of ambrosia
 i - 2 potions of berserk rage
 m - a potion of curing


   Skills:
 - Level 3.0 Fighting
 - Level 1.7 Axes
 + Level 4.2 Armour
 + Level 4.1 Dodging
 - Level 3.0 Shields


You had 5 spell levels left.
You didn't know any spells.
Your spell library contained the following spells:

 Spells                   Type           Power      Damage    Failure   Level
 Summon Small Mammal      Summ           0%         N/A       100%        1
 Sublimation of Blood     Necr           0%         N/A       100%        2
 Call Canine Familiar     Summ           0%         N/A       100%        3
 Stone Arrow              Conj/Erth      0%         3d7       100%        3
 Summon Guardian Golem    Hex/Summ       0%         N/A       100%        3
 Animate Armour           Summ/Erth      0%         N/A       100%        4
 Petrify                  Tmut/Erth      0%         N/A       100%        4
 Irradiate                Conj/Tmut      0%         3d11      100%        5
 Lehudib's Crystal Spear  Conj/Erth      0%         10d2      100%        8


Dungeon Overview and Level Annotations

Branches:
Dungeon (6/15)
 Temple: D:4-7

Altars:
Uskayaw


Innate Abilities, Weirdness & Mutations

Spells you cast may paralyse adjacent enemies.
You have a tail ending in a sharp stinger.


Message History

The scorpion stings you. You block the scorpion's attack.
You hit the scorpion.
You kill the scorpion!
* * * LOW HITPOINT WARNING * * *
You feel very sick.
Your Armour skill increases to level 4!
Your Dodging skill increases to level 4!
You have reached level 6!
Your demonic ancestry asserts itself...
A menacing aura infuses your magic.
You start resting.
You feel sick. x7
You are no longer poisoned.
You start resting.
An orc comes into view. It is wielding a +0 trident.
An orc is nearby!
You see here a scorpion corpse.
You start resting.
An orc priest comes into view. It is wielding a +0 short sword.
An orc priest is nearby!
An orc priest is nearby!
An orc comes into view.
It is wielding a +0 hand axe of freezing.
The orc shouts!
An orc comes into view. It is wielding a +0 falchion.
An orc priest comes into view. It is wielding a +0 dagger.
The orc shouts!
The orc priest shouts!
You hear a shout!
An orc comes into view. It is wielding a +0 mace.
An orc comes into view.
It is wielding a +2 hand axe of flaming.
The orc shouts!
The orc priest mumbles some strange prayers to Beogh against you.
Beogh smites you!
* * * LOW HITPOINT WARNING * * *
You puncture the orc!
You kill the orc!
You block the orc's attack.
You puncture the orc!
You kill the orc!
You closely miss the orc.
The orc priest invokes the aid of Beogh against you.
Beogh smites you!
You die...

# #....)........#
..# #
#.##...........#
.... # #.#
##..........##...#
...#
#...............#
..
##....†.........#
#...>..........#
.............###.#
###..........# .
#........@..#
#........o..#
#........oo..#
#............#
...........#
............
.............
............##


You could see an orc priest and 2 orcs.

Vanquished Creatures
  A kobold brigand (D:6)
  A scorpion (D:4)
  An iguana (D:4)
  An orc wizard (D:3)
  A gnoll (D:1)
  5 adders
  A worm (D:2)
  A dart slug (D:3)
  5 orcs
  A bat (D:3)
  5 endoplasms
  3 giant cockroaches
  2 hobgoblins (D:1)
  3 jackals (D:3)
  5 kobolds
  4 quokkas
  A ball python (D:1)
  2 frilled lizards
  A goblin (D:4)
  3 rats
47 creatures vanquished.

Notes
Turn   | Place    | Note
-------+----------+-------------------------------------------
     0 | D:1      | lonewolfV2 the Demonspawn Fighter began the quest for the
                  | Orb.
     0 | D:1      | Reached XP level 1. HP: 18/18 MP: 1/1
   187 | D:1      | Reached skill level 1 in Dodging
   187 | D:1      | Gained mutation: You have a small tail. [demonic ancestry]
   187 | D:1      | Reached XP level 2. HP: 24/24 MP: 2/2
   734 | D:2      | Reached XP level 3. HP: 29/29 MP: 3/3
  1013 | D:3      | You fall into a shaft and drop 3 floors!
  1036 | D:6      | Noticed a kobold brigand
  1062 | D:6      | Killed a kobold brigand
  1063 | D:6      | Gained mutation: You have a tail ending in a sharp stinger.
                  | [demonic ancestry]
  1063 | D:6      | Reached XP level 4. HP: 13/35 MP: 4/4
  1071 | D:5      | Entered Level 5 of the Dungeon
  1538 | D:5      | Found a hide-covered altar of Uskayaw.
  1721 | D:4      | Reached XP level 5. HP: 40/41 MP: 5/5
  2612 | D:3      | Identified a scroll of acquirement
  2612 | D:3      | Acquired 679 gold pieces
  2840 | D:4      | Identified the +3 rapier of Bupoom {heavy, rF+}
  2864 | D:4      | Gained mutation: Spells you cast may paralyse adjacent
                  | enemies. [demonic ancestry]
  2864 | D:4      | Reached XP level 6. HP: 14/47 MP: 3/6
  2895 | D:4      | Killed from afar by an orc priest

Illustrated notes

Levels and vault maps discovered:
D:1:      grunt_arrival_crossed_arrows, layout_loops_corners,
          ebering_ecumenical_altar_abandoned
D:2:      layout_loops_ring
D:3:      layout_loops_cross, chequers_serial_rivers_room_a
D:4:      layout_layer_cave, mainiacjoe_overflow_paths,
          mainiacjoe_overflow_six_doors_small, temple_green,
          amcnicky_mini_rare_corridor_liquid, uniq_menkaure
D:5:      layout_loops_ring, nicolae_uskayaw_dance_hall, uniq_edmund
D:6:      layout_basic, serial_aquarium, aquarium_bridge_straight
          [aquarium_subvault_bridge, aquarium_subvault_balcony,
          aquarium_subvault_bridge, aquarium_subvault_wall], aquarium_window_1,
          aquarium_window_fake, aquarium_window_fake, aquarium_window_2,
          aquarium_view_2a, aquarium_view_2d, aquarium_pool_corner,
          minivault_11, uniq_maggie

Skill      XL: |  1  2  3  4  5 |
---------------+----------------+-----
Dodging        | 1 2 3 4 |  4.1
Shields        | 3 |  3.0
Armour         | 3 4 |  4.2
Fighting       | |  3.0
Axes           | |  1.7

Action                     |  1- 3 |  4- 6 || total
---------------------------+-------+-------++-------
  Melee: War axe           |    65 |   103 ||   168
         Tailslap          |     5 |     9 ||    14
         Rapier            |       |     7 ||     7
    Use: Scroll            |     6 |     3 ||     9
         Potion            |     1 |       ||     1
 Armour: Scale mail        |    16 |       ||    16
         Chain mail        |    10 |    78 ||    88
  Dodge: Dodged            |    16 |    19 ||    35
  Block: Buckler           |     8 |       ||     8
         Tower shield      |    30 |   103 ||   133
